 Dungeon Crawl Stone Soup version 0.16.1 (webtiles) character file.

62 Tolias the Cudgeler (level 3, -1/30 HPs)
             Began as a Deep Dwarf Fire Elementalist on Mar 24, 2015.
             Slain by a worm (9 damage)
             ... on level 2 of the Dungeon.
             The game lasted 00:03:32 (1063 turns).

Tolias the Cudgeler (Deep Dwarf Fire Elementalist)  Turns: 1063, Time: 00:03:32

Health: -1/30      AC:  3    Str: 12    XL:     3   Next: 85%
Magic:  1/5        EV: 12    Int: 15    God:
Gold:   114        SH:  0    Dex: 13    Spells: 1 memorised, 4 levels left

rFire  . . .     SeeInvis .     g - +0 whip
rCold  . . .     Clarity  .     a - +0 robe
rNeg   . . .     SustAb   .     (no shield)
rPois  .         Gourm    .     (no helmet)
rElec  .         Spirit   .     x - +0 cloak
rCorr  .         Warding  .     (no gloves)
rMut   .         Stasis   .     (no boots)
MR     .....                    (no amulet)
Stlth  ++........               (no ring)
                                (no ring)

@: lethally poisoned (-1 -> -1), non-regenerating, not resistant to hostile
enchantments, unstealthy
A: damage resistance, recharge devices, sense surroundings 1, slow healing 3
a: Device Recharging


You were on level 2 of the Dungeon.
You were not hungry.

You visited 1 branch of the dungeon, and saw 2 of its levels.

You collected 114 gold pieces.

Inventory:

Hand weapons
 g - a +0 whip (weapon)
Missiles
 z - a throwing net (quivered)
Armour
 a - a +0 robe (worn)
 q - a +0 scale mail
 w - a +2 buckler
 x - a +0 cloak (worn)
Jewellery
 u - an uncursed ring of ice
Magical devices
 c - a wand of heal wounds (3)
Scrolls
 e - a scroll of fear {unknown}
 f - a scroll of random uselessness {unknown}
 h - 2 scrolls of identify {unknown}
 n - 2 scrolls of teleportation {unknown}
 o - a scroll of fog {unknown}
 s - a scroll of recharging {unknown}
 y - a scroll of noise {unknown}
Potions
 j - a potion of beneficial mutation {unknown}
 l - a potion of restore abilities {unknown}
 m - 5 potions of curing {unknown}
 p - a potion of cure mutation {unknown}
 r - 2 potions of agility {unknown}
 v - a potion of brilliance {unknown}
 A - a potion of haste {unknown}
 B - a potion of poison {unknown}
Books
 b - a book of Flames

   Spells                             Type                      Level
   a - Flame Tongue                   Conjuration/Fire             1
   b - Throw Flame                    Conjuration/Fire             2
   c - Conjure Flame                  Conjuration/Fire             3
   d - Inner Flame                    Hexes/Fire                   3
   e - Sticky Flame                   Conjuration/Fire             4
   f - Fireball                       Conjuration/Fire             5
Comestibles
 d - 4 bread rations
 i - 6 chunks of flesh {@w1}
 k - 2 beef jerkies
 t - a meat ration


   Skills:
 - Level 0.3 Fighting
 + Level 3.2 Maces & Flails
 - Level 2.5 Dodging
 - Level 2.4 Stealth
 - Level 1.7 Spellcasting
 - Level 0.8 Conjurations
 - Level 2.6 Fire Magic


You had 4 spell levels left.
You knew the following spells:

 Your Spells              Type           Power        Failure   Level  Hunger
e - Flame Tongue          Conj/Fire      #....        12%         1    ##.....


Dungeon Overview and Level Annotations

Branches:
Dungeon (2/15)

Altars:
Yredelemnul


Innate Abilities, Weirdness & Mutations

You are resistant to damage.
You can recharge devices by infusing magical energy.
You passively map a small area around you.
You do not heal naturally.


Message History

Aim: a worm (heavily wounded)
The flame tongue hits the worm.
The worm appears unharmed.
The worm is heavily wounded.
An adder comes into view.
The adder closely misses you.
Your magical contamination has completely faded away.
The adder misses you.
You closely miss the adder. The adder closely misses you.
Evoke which item? (* to show all) (? for menu, Esc to quit)
Okay, then.
Unknown command.
Read which item? (? for menu, Esc to quit)
Okay, then.
Unknown command.
You barely miss the adder. The adder barely misses you.
The adder bites you but does no damage. The adder bites you.
You are poisoned.
The adder poisons you! The worm bites you!
You die...

....## #.# ##..#####..>.....#
##.#######.####............>...#
##..............####.##...<....#
....######.###### #.#####).####
##.## #.# #.# #..# #.# #.# #.#
#..# #.# #.# ######.## #..#####
#.# #.# #....#..## #......# #.#
### #.# #.@S.##..###......# #.#
#.###.# #..w.###.#........#
#.###.....####....# #.#.##.....#
#.#...##..........# #.)..#.....#
#.).#####...##....#####...#)...#
##..######...##....#.>...#.#....#
...## #..).#.##..........#.#....#
.#.####.##.#.##..........#.._...#
........##...######......##..####


You could see a worm and an adder.

Vanquished Creatures
  2 adders (D:2)
  A giant mite (D:2)
  A giant gecko (D:1)
  3 orcs (D:2)
  4 bats
  6 goblins
  5 hobgoblins (D:2)
  A quokka (D:2)
  A ball python (D:1)
  5 kobolds
  8 rats
37 creatures vanquished.

Notes
Turn   | Place    | Note
--------------------------------------------------------------
     0 | D:1      | Tolias, the Deep Dwarf Fire Elementalist, began the quest for the Orb.
     0 | D:1      | Reached XP level 1. HP: 15/15 MP: 2/2
   214 | D:1      | Reached skill level 1 in Maces & Flails
   216 | D:1      | Reached XP level 2. HP: 13/24 MP: 0/3
   670 | D:2      | Reached XP level 3. HP: 11/30 MP: 1/5
   930 | D:2      | Reached skill level 3 in Maces & Flails
   956 | D:2      | Found a basalt altar of Yredelemnul.
  1063 | D:2      | Slain by a worm

Action                   || total
-------------------------++-------
Melee: Whip              ||   132
       Dagger            ||     9
       Unarmed           ||     1
Throw: Throwing net      ||     1
 Cast: Flame Tongue      ||    27
Evoke: Wand              ||     2
 Stab: Sleeping          ||     3
  Eat: Chunk             ||     1
